 Dungeon Crawl Stone Soup version 0.29.1-13-g9f3cf754e1 (webtiles) character file.

Game seed: 10933086545475251100

40 FaithlessZealot the Ruffian (level 3, -3/28 HPs)
             Began as a Draconian Transmuter on Jan 27, 2023.
             Slain by Terence
             ... wielding a +4 vorpal morningstar
              (4 damage)
             ... on level 2 of the Dungeon.
             The game lasted 00:03:44 (2507 turns).

FaithlessZealot the Ruffian (Draconian Transmuter)  Turns: 2507, Time: 00:03:44

Health: -3/28      AC:  5    Str: 12    XL:     3   Next: 30%
Magic:  6/6        EV: 12    Int: 15    God:
Gold:   91         SH:  0    Dex: 11    Spells: 5/6 levels left

rFire   . . .      SeeInvis .     - Unarmed
rCold   . . .      Faith    .   (no shield)
rNeg    . . .      Spirit   .   (body armour unavailable)
rPois   .          Reflect  .   (helmet restricted)
rElec   .          Harm     .   (no cloak)
rCorr   .          Rampage  .   (no gloves)
Will    .....                   (no boots)
Stlth   +.........              (no amulet)
HPRegen 0.09/turn               (no ring)
MPRegen 0.10/turn               (no ring)

@: no status effects
A: AC +5, unfitting armour, cold-blooded
a: no special abilities


You were on level 2 of the Dungeon.
You visited 1 branch of the dungeon, and saw 2 of its levels.

You collected 91 gold pieces.

Inventory:

Scrolls
 e - 2 scrolls of immolation
Potions
 a - 2 potions of lignification
 b - a potion of heal wounds {unknown}
 c - a potion of attraction {unknown}
 d - a potion of curing {unknown}
 f - a potion of berserk rage {unknown}


   Skills:
 - Level 1.1 Fighting
 - Level 1.7 Dodging
 - Level 3.0 Unarmed Combat
 + Level 2.4 Spellcasting
 * Level 3.0 Transmutations
 + Level 1.2 Ice Magic


You had 5 spell levels left.
You knew the following spells:

 Your Spells              Type           Power      Damage    Failure   Level
a - Beastly Appendage     Tmut           20%        N/A       6%          1

Your spell library contained the following spells:

 Spells                   Type           Power      Damage    Failure   Level
 Wereblood                Tmut           10%        N/A       10%         2
 Spider Form              Tmut/Pois      6%         N/A       34%         3
 Ice Form                 Ice/Tmut       8%         N/A       65%         4


Dungeon Overview and Level Annotations

Branches:
Dungeon (2/15)

Altars:

Annotations:
D:2 Sigmund, Terence


Innate Abilities, Weirdness & Mutations

Your plain brown scales are hard. (AC +5)
You cannot fit into any form of body armour.
You are cold-blooded and may be slowed by cold attacks.


Message History

The adder is severely wounded.
You feel sick. The bat hits you but does no damage.
The adder closely misses you.
You closely miss the adder. Your kick misses the adder.
You tail-slap the adder.
You kill the adder!
You feel sick. The bat hits you but does no damage. x2
Your Transmutations skill increases to level 3!
You closely miss the bat. You headbutt the bat.
You kill the bat!
You feel sick.
Your transformation is almost over.
You feel sick.
You are no longer poisoned.
You see here a bat corpse.
You start resting.
Your horns disappear.
Your talons disappear.
HP restored.
You start waiting.
Done waiting.
Found 4 stones.
You see here 4 stones.
Sigmund and Terence come into view.
Terence is wielding a +4 vorpal morningstar.
Sigmund shouts!
Terence shouts!
You hear an angry hiss.
Memorise Wereblood, consuming 2 spell levels and leaving 3?
You start memorising the spell.
You continue memorising.
Terence hits you with a +4 vorpal morningstar.
Your memorisation is interrupted.
Sigmund hits you from afar with a +0 scythe!
Terence attacks as you move away! Terence closely misses you.
Sigmund points at you and mumbles some strange words.
You resist with significant effort. Terence attacks as you move away!
Terence barely misses you. Terence attacks as you move away!
Terence closely misses you.
Terence asks, "Do you want it fast or slow?"
Terence attacks as you move away!
Terence hits you with a +4 vorpal morningstar!
* * * LOW HITPOINT WARNING * * *
You die...

..## ...##... ##... #
#.. .##..#.##..#.# #.
..##.#..##.#..##. ..#
########
##....##....##... #.#
##.@..@.#
#..##.#..##.#..##
.@###..####.##
#.##..#.##..#.##
#.#.###
#..###....##....##...
#.##
##.@..#.##..#.##..#.#
###
#..@(##.#..##.#..##.
#................†..
####################


You could see Sigmund and Terence.

Vanquished Creatures
  An adder (D:2)
  3 ball pythons (D:1)
  4 bats
  2 endoplasms
  2 giant cockroaches (D:1)
  6 hobgoblins (D:1)
  A jackal (D:1)
  3 frilled lizards (D:1)
  3 goblins (D:1)
  A kobold (D:1)
  4 rats
30 creatures vanquished.

Notes
Turn   | Place    | Note
-------+----------+-------------------------------------------
     0 | D:1      | FaithlessZealot the Draconian Transmuter began the quest
                  | for the Orb.
     0 | D:1      | Reached XP level 1. HP: 16/16 MP: 3/3
   596 | D:1      | Reached XP level 2. HP: 23/23 MP: 3/5
  1086 | D:1      | Found a faded altar of an unknown god.
  1283 | D:1      | Reached skill level 1 in Ice Magic
  2225 | D:2      | Reached XP level 3. HP: 28/28 MP: 4/6
  2493 | D:2      | Noticed Sigmund
  2493 | D:2      | Noticed Terence
  2507 | D:2      | HP: 1/28 [Terence/+4 vorpal morningstar (13)]
  2507 | D:2      | Slain by Terence

Illustrated notes

Levels and vault maps discovered:
D:1:      erik_arrival_triangle_large, layout_loops_ring,
          ebering_ecumenical_altar_rust, st_stairs_4, hex_medium,
          roderic_serpentine_path, grunt_decor_junction, hangedman_decor_points,
          nrook_mini_vaults
D:2:      layout_loops_ring, grunt_ministairs_9, st_stairs_7,
          grunt_decor_arrowhead, chequers_serial_rivers_marsh,
          nicolae_eternal_life, uniq_sigmund, uniq_natasha, uniq_terence

Skill      XL: |  1  2  3 |
---------------+----------+-----
Ice Magic      | 1 |  1.2
Transmutations | 3 |  3.0
Fighting       | |  1.1
Dodging        | |  1.7
Unarmed Combat | |  3.0
Spellcasting   | |  2.4

Action                   || total
-------------------------++-------
Melee: Unarmed           ||    65
       Headbutt          ||    10
       Kick              ||     9
       Tailslap          ||     7
 Cast: Beastly Appendage ||    19
  Use: Scroll            ||     5
Armor: Skin              ||    24
Dodge: Dodged            ||    45
